Map: Void Training Stage 3

Players

Yata - Winner!

  • Race: Zerg Zerg
  • League: Silver
  • Spawn Location: 6:00

Player 2

  • Race: Zerg Zerg
  • Spawn Location: 12:00

VOD

Have the link to the VOD?

Description

Time

  • Played on: Aug. 15, 2017, 8:52 p.m.
  • Length: 10:11
Show
View Real Time Build Order
Export as new Build Order

Yata Zerg - Winner!

Build Orders: Hatch First 

Get SALT Encoding   

  12  0:03  Drone  
  13  0:13  Overlord  
  13  0:18  Drone  
  14  0:31  Drone  
  14  0:32  Drone  
  16  0:36  Drone  
  17  0:57  Hatchery  
  17  1:00  Drone x2  
  18  1:14  Extractor  
  18  1:15  Spawning Pool  
  16  1:18  Drone  
  16  1:23  Drone  
  18  1:30  Drone  
  19  1:41  Overlord  
  19  1:58  Drone  
  20  2:02  Queen  
  22  2:10  Queen  
  22  2:14  Zergling x4  
  26  2:16  Metabolic Boost  
  26  2:19  Drone  
  27  2:23  Drone x2  
  29  2:31  Drone  
  30  2:37  Overlord  
  30  2:54  Drone  
  30  2:55  Drone x2  
  33  3:06  Drone x2  
  35  3:13  Drone  
  35  3:19  Overlord x3  
  36  3:33  Roach Warren  
  35  3:35  Hatchery, Extractor  
  31  4:02  Drone x9  
  40  4:03  Drone x3  
  40  4:09  Queen x2  
  47  4:12  Drone  
  48  4:27  Overlord x2  
  48  4:45  Pneumatized Carapace, Lair  
  48  4:50  Drone x7  
  55  5:07  Roach x2  
  55  5:11  Extractor  
  55  5:12  Drone x2  
  60  5:30  Zergling x2  
  60  5:31  Zergling x8  
  63  5:42  Queen  
  59  5:52  Roach x5  
  67  6:02  Roach x2  
  71  6:10  Extractor  
  70  6:11  Drone  
  70  6:12  Extractor, Drone  
  70  6:18  Queen  
  71  6:20  Roach  
  75  6:25  Hatchery  
  75  6:26  Extractor  
  75  6:29  Roach x2  
  77  6:34  Overlord, Evolution Chamber  
  77  6:35  Overlord x2  
  76  6:54  Drone x5  
  77  6:55  Drone x6  
  77  6:56  Drone x2  
  89  7:09  Roach x2  
  89  7:10  Roach x6  
  105  7:18  Zerg Missile Weapons Level 1  
  105  7:20  Overlord x3  
  105  7:37  Glial Reconstitution  
  105  7:45  Drone x5  
  105  7:46  Drone x12  
  122  8:05  Roach x4  
  130  8:06  Roach x2  
  131  8:18  Roach  
  131  8:19  Roach x5  
  125  8:27  Roach  
  125  8:28  Roach x4  
  131  8:37  Roach x2  
  131  8:40  Overlord  
  131  8:41  Overlord x5  
  131  8:51  Roach x3  
  135  9:08  Roach x6  
  135  9:09  Roach  
  147  9:13  Zergling x4  
  149  9:22  Zergling x2  
  149  9:23  Zergling x6  
  153  9:38  Roach x4  
  159  9:41  Overlord  
  159  9:42  Overlord x2  
  159  9:49  Zergling x2  
  159  9:50  Zergling x18  
  167  9:57  Unknown  
Show
View Real Time Build Order
Export as new Build Order

Player 2 Zerg 

Build Orders: Pool First 

Get SALT Encoding   

  12  0:00  Drone  
  13  0:13  Overlord  
  13  0:18  Drone  
  14  0:31  Drone  
  14  0:34  Drone  
  16  0:43  Spawning Pool  
  16  0:45  Drone  
  16  0:50  Drone  
  16  0:52  Extractor  
  16  0:56  Drone  
  17  1:06  Overlord  
  17  1:29  Queen  
  17  1:31  Zergling x2  
  20  1:35  Zergling x2  
  20  1:39  Drone  
  22  1:40  Roach Warren  
  22  1:41  Extractor  
  20  1:49  Drone  
  21  1:54  Baneling Nest  
  21  2:00  Drone  
  21  2:11  Drone  
  22  2:21  Zergling x2  
  23  2:32  Zergling x2  
  23  2:36  Overlord, Zergling x2  
  25  2:39  Zergling x2  
  25  2:43  Baneling x2  
  25  2:44  Zergling x2  
  27  2:54  Zergling x2  
  28  2:58  Baneling x2  
  28  3:05  Zergling x2  
  29  3:07  Drone  
  29  3:08  Evolution Chamber  
  29  3:09  Zergling x2  
  29  3:12  Drone  
  31  3:17  Drone  
  32  3:28  Overlord  
  32  3:39  Drone  
  33  3:42  Drone  
  33  3:45  Drone  
  33  3:46  Zergling x2  
  35  3:52  Baneling  
  35  3:53  Drone  
  36  4:54  Overlord, Roach, Drone, Lair  
  39  5:03  Drone, Spore Crawler  
  39  5:08  Roach  
  39  5:12  Drone  
  42  5:16  Overlord  
  42  5:22  Ravager, Spore Crawler  
  42  5:24  Drone  
  43  5:29  Hatchery  
  43  5:30  Ravager  
  39  5:48  Roach  
  40  5:50  Drone  
  40  5:51  Overseer  
  40  5:52  Overseer  
  40  5:56  Hydralisk Den  
  35  5:58  Drone  
  35  6:01  Roach  
  38  6:09  Spine Crawler  
  38  6:11  Drone  
  38  6:15  Zergling x2  
  39  6:18  Spine Crawler  
  38  6:25  Queen  
  38  6:28  Hydralisk  
  42  6:35  Infestation Pit  
  42  6:36  Drone  
  42  6:41  Drone, Hydralisk  
  42  6:44  Drone  
  42  6:46  Drone  
  47  6:50  Drone  
  48  6:55  Drone, Hydralisk  
  48  6:58  Drone  
  48  7:01  Drone  
  53  7:04  Drone  
  53  7:06  Drone  
  55  7:12  Drone  
  55  7:13  Spore Crawler  
  55  7:16  Drone  
  55  7:21  Drone, Hydralisk  
  55  7:22  Spore Crawler  
  58  7:24  Drone  
  58  7:27  Drone  
  58  7:29  Overlord  
  60  7:34  Drone  
  61  7:37  Queen  
  61  7:39  Drone  
  64  7:45  Drone  
  64  7:48  Spine Crawler  
  64  7:50  Drone  
  65  7:53  Drone  
  65  7:55  Spine Crawler  
  65  7:56  Drone  
  66  7:59  Drone  
  66  8:00  Overlord  
  66  8:04  Drone  
  68  8:07  Drone  
  68  8:10  Drone  
  68  8:11  Zergling x2  
  70  8:14  Spire  
  70  8:18  Queen  
  69  8:24  Roach  
  52  8:38  Roach  
  45  8:48  Drone  
  45  8:51  Hydralisk  
  45  8:53  Drone  
  46  8:56  Drone  
  46  8:59  Drone  
  46  9:02  Drone  
  47  9:05  Zergling x2  
  48  9:12  Hydralisk  
  48  9:14  Evolution Chamber  
  42  9:18  Hydralisk  
  39  9:26  Roach  
  34  9:32  Roach  
  31  9:39  Roach  
  31  9:46  Zergling x2  
Tags
 
League
Silver
Matchup
ZvZ
Race
Zerg
Replay Pack
Pack 1
Spawn Locations
Cross Positions
Add a new tag
Caveats
  • Supply blocks, unpowered buildings, or Contaminate may cause inaccurate times.
  • Supply counts are checked every 10 seconds.